 Dungeon Crawl Stone Soup version 0.28.0-45-g0d030f2227 (webtiles) character file.

Game seed: 4503384043623286873

79 gohu the Skirmisher (level 4, -2/41 HPs)
             Began as a Minotaur Fighter on May 1, 2022.
             Slain by a gnoll
             ... wielding a +0 flail
              (6 damage)
             ... on level 1 of the Dungeon.
             The game lasted 00:04:10 (1567 turns).

gohu the Skirmisher (Minotaur Fighter)              Turns: 1567, Time: 00:04:10

Health: -2/41      AC:  9    Str: 23    XL:     4   Next: 16%
Magic:  3/3        EV:  7    Int:  5    God:
Gold:   60         SH:  4    Dex:  9    Spells: 3/3 levels left

rFire   . . .      SeeInvis .   d - +0 morningstar
rCold   . . .      Faith    .   c - +0 buckler
rNeg    . . .      Spirit   .   l - +0 chain mail
rPois   .          Reflect  .   (helmet restricted)
rElec   .          Harm     .   (no cloak)
rCorr   .          Rampage  .   (no gloves)
Will    .....                   (no boots)
Stlth   ..........              (no amulet)
HPRegen 0.13/turn               (no ring)
MPRegen 0.08/turn               (no ring)

@: no status effects
A: horns 2, retaliatory headbutt
a: no special abilities


You were on level 1 of the Dungeon.
You visited 1 branch of the dungeon, and saw 3 of its levels.

You collected 60 gold pieces.

Inventory:

Hand Weapons
 a - a +0 war axe
 d - a +0 morningstar (weapon)
Missiles
 f - 6 boomerangs (quivered)
Armour
 b - a +0 scale mail
 c - a +0 buckler (worn)
 l - a +0 chain mail (worn)
Scrolls
 e - a scroll of immolation {unknown}
 g - a scroll of fear {unknown}
 h - a scroll of identify {unknown}
 i - a scroll of teleportation {unknown}
 j - a scroll of summoning {unknown}
Potions
 k - a potion of curing {unknown}


   Skills:
 + Level 4.5 Fighting
 - Level 3.4(3.5) Axes
 * Level 1.2(2.5) Maces & Flails
 - Level 0.2 Throwing
 + Level 4.5 Armour
 - Level 3.6 Shields


You had 3 spell levels left.
You didn't know any spells.
Your spell library contained the following spells:

 Spells                   Type           Power      Damage    Failure   Level
 Freeze                   Ice            0%         1d3       99%         1
 Frozen Ramparts          Ice            0%         1d2       100%        3
 Hailstorm                Conj/Ice       0%         3d3       100%        4


Dungeon Overview and Level Annotations

Branches:
Dungeon (3/15)

Altars:


Innate Abilities, Weirdness & Mutations

You have a pair of horns on your head.
You reflexively headbutt those who attack you in melee.


Message History

The bat hits you but does no damage.
A gnoll comes into view. It is wielding a +0 spear.
The bat hits you but does no damage. x2
You puncture the gnoll! You headbutt the gnoll.
You kill the gnoll!
The bat hits you but does no damage.
The gnoll hits you from afar with a +0 spear.
You puncture the bat!
You kill the bat!
You block the gnoll's attack. The gnoll closely misses you. x2
The gnoll hits you from afar with a +0 spear.
Things that are here:
a +0 whip; a gnoll corpse You closely miss the gnoll.
The gnoll hits you with a +0 flail.
The gnoll hits you but does no damage. x2
The gnoll hits you but does no damage.
You barely miss the gnoll. You headbutt the gnoll.
The gnoll is lightly wounded.
The gnoll hits you with a +0 flail! The gnoll hits you but does no damage.
The gnoll hits you with a +0 flail.
You closely miss the gnoll.
The gnoll is lightly wounded.
The gnoll hits you from afar with a +0 spear.
The gnoll hits you with a +0 flail.
* * * LOW HITPOINT WARNING * * *
The gnoll hits you from afar with a +0 spear.
* * * LOW HITPOINT WARNING * * *
There is a stone staircase leading up here.
You block the gnoll's attack.
The gnoll hits you from afar with a +0 spear.
* * * LOW HITPOINT WARNING * * *
You climb upwards.
There is a stone staircase leading down here.
You are too injured to fight recklessly!
You hit the gnoll.
You headbutt the gnoll, but do no damage.
The gnoll is heavily wounded.
You block the gnoll's attack. The gnoll hits you with a +0 flail.
You die...

######### #.......#
#.#####.# ###.#####.#
###### #.........#
###..... #.#.##.#..#
##.#.####
#.#.##.#..###......#
#.#.##.#..##.......#
#.#.@g.>...........#
#.#.####.#####.....#
#.#.####.# #.....#
#.#......# #.#####
#.######## ##+## #.#
##...## #.####
##.....## #.##.##
##.......##
#.#...####.........##


You could see a gnoll.

Vanquished Creatures
  Terence (D:2)
  2 gnolls
  A dart slug (D:1)
  An orc (D:2)
  3 bats (D:2)
  An endoplasm (D:1)
  A giant cockroach (D:2)
  A goblin (D:2)
  5 hobgoblins
  2 jackals (D:1)
  2 quokkas (D:1)
  4 ball pythons
  2 frilled lizards (D:1)
  4 kobolds
30 creatures vanquished.

Notes
Turn   | Place    | Note
-------+----------+-------------------------------------------
     0 | D:1      | gohu the Minotaur Fighter began the quest for the Orb.
     0 | D:1      | Reached XP level 1. HP: 19/19 MP: 0/0
   253 | D:1      | Reached XP level 2. HP: 27/27 MP: 1/1
   761 | D:1      | Reached XP level 3. HP: 29/33 MP: 2/2
  1473 | D:2      | Noticed Terence
  1489 | D:2      | Killed Terence
  1490 | D:2      | Reached skill level 1 in Maces & Flails
  1490 | D:2      | Reached XP level 4. HP: 41/41 MP: 3/3
  1567 | D:1      | Slain by a gnoll

Illustrated notes

Levels and vault maps discovered:
D:1:      amcnicky_arrival_single_pillar, layout_loops_corners
D:2:      layout_basic, chequers_serial_rivers_large_b, uniq_terence
D:3:      layout_rooms, st_stairs_5

Skill      XL: |  1  2  3 |
---------------+----------+-----
Fighting       | 4 |  4.5
Armour         | 4 |  4.5
Axes           | 3 |  3.4
Maces & Flails | 1 |  1.2
Throwing       | |  0.2
Shields        | |  3.6

Action                   |  1- 3 |  4- 6 || total
-------------------------+-------+-------++-------
Melee: War axe           |    63 |       ||    63
       Headbutt          |     7 |     3 ||    10
       Morningstar       |       |     7 ||     7
Throw: Boomerang         |     6 |       ||     6
  Use: Potion            |     1 |       ||     1
Armor: Scale mail        |    27 |       ||    27
       Chain mail        |       |     9 ||     9
Dodge: Dodged            |    33 |     2 ||    35
Block: Buckler           |    12 |     3 ||    15
